 Dungeon Sprint DCSS version 0.21.2 (webtiles) character file.

36423 Fang the Severer (level 13, -9/151 HPs)
             Began as a Gargoyle Berserker on Jan 17, 2019.
             Was the Champion of Trog.
             Mangled by Fang's illusion (22 damage)
             ... woven by Mara
             ... in the Dungeon (Sprint VII: "The Pits") on Jan 18, 2019.
             The game lasted 00:11:15 (5162 turns).

Fang the Severer (Gargoyle Berserker)               Turns: 5162, Time: 00:11:15

Health: -9/151     AC: 34    Str: 30    XL:     13   Next: 90%
Magic:  6/13       EV: 12    Int:  9    God:    Trog [******]
Gold:   47         SH:  0    Dex:  9    Spells: 12/12 levels left

rFire    . . .     SeeInvis +   o - +8 war axe "Damimeed" {chop, Stlth+}
rCold    . . .     Gourm    .   (no shield)
rNeg     + . .     Faith    .   t - +3 plate armour
rPois    ∞         Spirit   .   (no helmet)
rElec    +         Reflect  .   (no cloak)
rCorr    .         Harm     .   (no gloves)
MR       .....     NoTele   +   (no boots)
Stlth    ..........             (no amulet)
HPRegen  0.35/turn              C - ring of see invisible
MPRegen  0.13/turn              r - +3 ring of protection

@: berserking, glowing, very quick
A: negative energy resistance 1, electricity resistance, unbreathing,
petrification resistance, rot immunity, AC +9
a: Berserk, Trog's Hand, Brothers in Arms, Burn Spellbooks, Renounce Religion


You were in the Dungeon.
You worshipped Trog.
Trog was exalted by your worship.
You were hungry.

You visited 1 branch You collected 47 gold pieces.

Inventory:

Hand Weapons
 b - a +5 antimagic executioner's axe
 n - a +4 broad axe of electrocution
 o - the +8 war axe "Damimeed" (weapon) {chop, Stlth+}
   (Trog gifted it to you in the Dungeon)

   It inflicts extra damage upon your enemies.
   It makes you more stealthy.
 s - a +1 broad axe of freezing
 E - a +5 battleaxe of flaming
 K - a +1 battleaxe of venom
Armour
 t - a +3 plate armour (worn)
Jewellery
 p - a +3 ring of evasion
 r - a +3 ring of protection (right hand)
 z - an uncursed ring of protection from fire
 B - an uncursed ring of protection from cold
 C - a ring of see invisible (left hand)
 J - the ring of Hititit {rF- MP+9 Dex+7}
   (You took it off a frost giant in the Dungeon)

   [ring of magical power]

   It affects your dexterity (+7).
   It makes you vulnerable to fire.
   It affects your magic capacity (+9).
Scrolls
 i - a scroll of blinking
 k - 4 scrolls of remove curse
 l - a scroll of summoning
 u - 4 scrolls of fear
 v - 4 scrolls of enchant armour
 w - a scroll of fog
 y - a scroll of enchant weapon
 A - a scroll of identify
Potions
 a - 2 potions of invisibility
 d - 7 potions of curing
 e - 12 potions of heal wounds
 f - 3 potions of haste
 g - 4 potions of magic
 h - 7 potions of berserk rage
 q - 2 potions of might
 x - a potion of brilliance
Books
 j - a book of Battle

   Spells                             Type                      Level
   a - Infusion                       Charms                       1
   b - Shroud of Golubria             Charms/Translocation         2
   c - Song of Slaying                Charms                       2
   d - Spectral Weapon                Hexes/Charms                 3
   e - Regeneration                   Charms/Necromancy            3
   Trog disapproves of the use of such an item.
Miscellaneous
 m - a lamp of fire
Comestibles
 c - 13 rations


   Skills:
 + Level 19.8 Fighting
 + Level 20.8 Axes
 + Level 18.8 Armour
 + Level 8.2 Dodging
 + Level 3.8 Stealth


You had 12 spell levels left.
You didn't know any spells.

Dungeon Overview and Level Annotations

Branches:
Dungeon (1/1)

Altars:
Ashenzari
Cheibriados
Dithmenos
Elyvilon
Fedhas
Gozag
Hepliaklqana
Kikubaaqudgha
Makhleb
Nemelex Xobeh
Okawaru
Qazlal
Ru
Sif Muna
Trog
Uskayaw
Vehumet
Wu Jian
Xom
Yredelemnul
Zin
The Shining One
Beogh
Jiyva
Lugonu

Annotations:
D Mara, Sonja


Innate Abilities, Weirdness & Mutations

You are resistant to torment.
Your stone body is resilient. (AC +9)
You are immune to poison.
You resist negative energy. (rN+)
You are resistant to electric shocks. (rElec)
You can survive without breathing.
You are immune to petrification.
You are immune to rotting.


Message History

You closely miss the angel.
The angel is lightly wounded.
You slice the fire giant!!
You kill the fire giant!
Trog accepts your kill.
Trog appreciates your killing of a magic user.
You hit Mara. You slash the ice dragon!
Mara blinks!
The hell knight gestures wildly while chanting.
The hell knight seems to speed up.
The angel hits you but does no damage. x2
The ancient lich casts a spell at you.
You feel haunted. The ice dragon breathes frost at you.
The blast of cold hits you!
* * * LOW HITPOINT WARNING * * *
You closely miss the angel.
The angel is lightly wounded.
You slash the ice dragon! You slash the wraith!
You hit Fang's illusion but do no damage.
Fang's illusion hits you!!
You die...

####++##### ..........# #.
..........# #.. ..#....#..# #...
..........##########....
..........##........C.p.
..#....#..##....W.C.....
..........##...@ADLGCc..
..........#####)@###
..#....#..##...§W..##
..........''..)W....##
..........''R()(.....#
##''####''############
##''####''#######################
......##.....)...................
.#'##.##....................)....
.#[)'.##..##############++#######


You could see Mara, an ancient lich, a frost giant, an angel, a fire giant, an
ice dragon, a stone giant, a great orb of eyes, a hell knight, a yaktaur, 2
freezing wraiths, a wraith and Fang's illusion (berserk).

Vanquished Creatures
  Arachne (D)
  A fire giant (D)
  A frost giant (D)
  A nagaraja (D)
  An emperor scorpion (D)
  A spriggan defender (D)
  A stone giant (D)
  A deep elf annihilator (D)
  A green death (D)
  A fire dragon (D)
  An ogre mage (D)
  A vault guard (D)
  2 deep troll shamans (D)
  2 two-headed ogres (D)
  A vampire mage (D)
  3 deep trolls (D)
  5 harpies (D)
  2 phantasmal warriors (D)
  An orc knight (D)
  A lindwurm (D)
  A deep elf mage (D)
  A cyclops (D)
  2 orc sorcerers (D)
  An elephant (D)
  A black mamba (D)
  2 molten gargoyles (D)
  2 rust devils (D)
  A guardian serpent (D)
  A gargoyle (D)
  An efreet (D)
  A hellwing (D)
  A troll (D)
  2 jumping spiders (D)
  A tyrant leech (D)
  2 hornets (D)
  3 blink frogs (D)
  A hippogriff (D)
  A flying skull (D)
  A redback (D)
  A tarantella (D)
  A ynoxinul (D)
  4 wraiths (D)
  A warg (D)
  4 vampire mosquitoes (D)
  An acid dragon (D)
  2 water moccasins (D)
  An orc warrior (D)
  2 black bears (D)
  2 small abominations (D)
  3 ogres (D)
  4 wolves (D)
  7 wights (D)
  A crimson imp (D)
  A quasit (D)
  An orc wizard (D)
  A gnoll shaman (D)
  An iguana (D)
  A worker ant (D)
  2 gnolls (D)
  A river rat (D)
  An ufetubus (D)
  An adder zombie (D)
  An adder skeleton (D)
  A worm (D)
  A leopard gecko (D)
  2 orcs (D)
  A bat skeleton (D)
  A bat zombie (D)
  A giant cockroach (D)
  3 hobgoblins (D)
  A ball python (D)
  A ball python simulacrum (D)
  A bat (D)
113 creatures vanquished.

Vanquished Creatures (collateral kills)
  A frost giant (D)
  A deep elf sorcerer (D)
  A purple draconian (D)
  Josephine (D)
  3 hydras (D)
  A sun demon (D)
  A necromancer (D)
  An eye of devastation (D)
  A troll (D)
  A red devil (D)
  A jumping spider (D)
  A blink frog (D)
  A hippogriff (D)
  4 wraiths (D)
  A ynoxinul (D)
  Grum (D)
  A steam dragon (D)
  A hungry ghost (D)
  An ice beast (D)
  A wolf (D)
  An ogre (D)
  2 gnolls (D)
  A bat zombie (D)
  A ball python zombie (D)
30 creatures vanquished.

Grand Total: 143 creatures vanquished

Notes
Turn   | Place    | Note
-------+----------+-------------------------------------------
     0 | D        | Fang the Gargoyle Berserker began the quest for the Orb.
     0 | D        | Reached XP level 1. HP: 14/14 MP: 1/1
   132 | D        | Reached skill level 1 in Stealth
   136 | D        | Reached ** piety under Trog
   141 | D        | Noticed a worker ant
   147 | D        | Killed a worker ant
   147 | D        | Reached skill level 5 in Fighting
   147 | D        | Reached skill level 4 in Axes
   147 | D        | Reached XP level 2. HP: 16/21 MP: 2/2
   147 | D        | Reached XP level 3. HP: 20/26 MP: 3/3
   219 | D        | Reached *** piety under Trog
   427 | D        | Noticed a water moccasin
   428 | D        | Noticed a deep elf mage
   432 | D        | Reached **** piety under Trog
   432 | D        | Reached skill level 5 in Axes
   432 | D        | Reached XP level 4. HP: 32/32 MP: 4/4
   433 | D        | Killed a water moccasin
   433 | D        | Reached skill level 6 in Axes
   433 | D        | Reached XP level 5. HP: 39/39 MP: 5/5
   434 | D        | Reached skill level 7 in Axes
   435 | D        | Reached XP level 6. HP: 45/45 MP: 6/6
   440 | D        | Reached ***** piety under Trog
   445 | D        | Killed a deep elf mage
   445 | D        | Reached skill level 10 in Fighting
   445 | D        | Reached skill level 9 in Axes
   445 | D        | Reached skill level 5 in Armour
   445 | D        | Reached skill level 5 in Dodging
   445 | D        | Reached XP level 7. HP: 20/53 MP: 7/7
   690 | D        | Received a gift from Trog
   690 | D        | Reached skill level 10 in Axes
   701 | D        | Noticed an orc sorcerer
   705 | D        | Killed an orc sorcerer
   705 | D        | Reached XP level 8. HP: 60/60 MP: 2/8
   710 | D        | Reached skill level 11 in Axes
   750 | D        | Noticed a rust devil
   750 | D        | Noticed a hornet
   759 | D        | Killed a hornet
   763 | D        | Killed a rust devil
   763 | D        | Reached skill level 12 in Axes
   763 | D        | Reached XP level 9. HP: 51/66 MP: 3/9
  1004 | D        | Found a bloodstained altar of Trog.
  1004 | D        | Found a deep blue altar of Sif Muna.
  1004 | D        | Found a viscous altar of Jiyva.
  1004 | D        | Found a hazy altar of Hepliaklqana.
  1004 | D        | Found an opulent altar of Gozag.
  1005 | D        | Found a glowing golden altar of the Shining One.
  1005 | D        | Found a glowing silver altar of Zin.
  1005 | D        | Found a basalt altar of Yredelemnul.
  1005 | D        | Found a shimmering altar of Xom.
  1005 | D        | Found an ornate altar of the Wu Jian Council.
  1005 | D        | Found a sacrificial altar of Ru.
  1005 | D        | Found a stormy altar of Qazlal.
  1005 | D        | Found an iron altar of Okawaru.
  1005 | D        | Found a sparkling altar of Nemelex Xobeh.
  1005 | D        | Found a burning altar of Makhleb.
  1005 | D        | Found a blossoming altar of Fedhas.
  1005 | D        | Found a white marble altar of Elyvilon.
  1005 | D        | Found a shadowy altar of Dithmenos.
  1005 | D        | Found a snail-covered altar of Cheibriados.
  1006 | D        | Found a radiant altar of Vehumet.
  1006 | D        | Found a corrupted altar of Lugonu.
  1006 | D        | Found a roughly hewn altar of Beogh.
  1007 | D        | Found a hide-covered altar of Uskayaw.
  1007 | D        | Found an ancient bone altar of Kikubaaqudgha.
  1007 | D        | Found a shattered altar of Ashenzari.
  1040 | D        | Reached ****** piety under Trog
  1073 | D        | Noticed a gargoyle
  1075 | D        | Noticed a molten gargoyle
  1076 | D        | Noticed a phantasmal warrior
  1082 | D        | Received a gift from Trog
  1084 | D        | Killed a phantasmal warrior
  1084 | D        | Reached skill level 13 in Axes
  1085 | D        | Killed a molten gargoyle
  1087 | D        | Killed a gargoyle
  1204 | D        | Reached XP level 10. HP: 70/73 MP: 3/10
  1211 | D        | Reached skill level 14 in Axes
  1227 | D        | Received a gift from Trog
  1353 | D        | Noticed Arachne
  1383 | D        | Killed Arachne
  1383 | D        | Reached skill level 16 in Axes
  1383 | D        | Reached skill level 10 in Armour
  1383 | D        | Reached XP level 11. HP: 25/80 MP: 3/11
  1641 | D        | Noticed a cyclops
  1645 | D        | Noticed Sonja
  1645 | D        | Killed a cyclops
  1645 | D        | Received a gift from Trog
  1645 | D        | Reached skill level 15 in Fighting
  1658 | D        | HP: 4/81 [Sonja/uncursed dagger of distortion (2)]
  1945 | D        | Noticed an eight-headed hydra
  1961 | D        | HP: 6/121 [16-headed hydra (3)]
  1967 | D        | Killed a 16-headed hydra
  1967 | D        | Received a gift from Trog
  1967 | D        | Reached skill level 17 in Axes
  2295 | D        | Noticed Grum
  2300 | D        | Noticed a sun demon
  2308 | D        | Killed a sun demon
  2308 | D        | Received a gift from Trog
  2313 | D        | Killed Grum
  2314 | D        | Noticed a seven-headed hydra
  2320 | D        | Killed a seven-headed hydra
  2332 | D        | Noticed Josephine
  2337 | D        | Killed Josephine
  2337 | D        | Received a gift from Trog
  2779 | D        | Got a fine war axe {god gift}
  2780 | D        | Identified the +8 war axe "Damimeed" {chop, Stlth+} (Trog gifted it to you in the Dungeon)
  2795 | D        | Received a gift from Trog
  2889 | D        | Found the +8 autumn katana {slice, Clar}
  3082 | D        | Noticed a lindwurm
  3090 | D        | Killed a lindwurm
  3090 | D        | Reached XP level 12. HP: 38/88 MP: 12/12
  3357 | D        | Noticed an emperor scorpion
  3366 | D        | Received a gift from Trog
  3366 | D        | Reached skill level 18 in Axes
  3374 | D        | Killed an emperor scorpion
  3466 | D        | Received a gift from Trog
  3794 | D        | Noticed a vampire mage
  3805 | D        | Killed a vampire mage
  3805 | D        | Received a gift from Trog
  3819 | D        | Received a gift from Trog
  3827 | D        | Noticed a two-headed ogre
  3829 | D        | Reached skill level 15 in Armour
  3843 | D        | Killed a two-headed ogre
  3867 | D        | Received a gift from Trog
  3867 | D        | Reached skill level 19 in Axes
  3897 | D        | Noticed an eight-headed hydra
  3928 | D        | Noticed a deep elf sorcerer
  3931 | D        | Killed a deep elf sorcerer
  3933 | D        | Noticed a frost giant
  3933 | D        | HP: 4/91 [frost giant/bolt of cold (33)]
  3934 | D        | Killed a frost giant
  3934 | D        | Received a gift from Trog
  3956 | D        | Noticed an ogre mage
  3962 | D        | Killed an ogre mage
  3962 | D        | Received a gift from Trog
  3962 | D        | Reached XP level 13. HP: 34/97 MP: 13/13
  4014 | D        | Got the ring of Hititit {rF- MP+9 Dex+7}
  4110 | D        | Noticed a purple draconian
  4115 | D        | Killed a purple draconian
  4117 | D        | HP: 1/97 [disintegration (17)]
  4123 | D        | Received a gift from Trog
  4473 | D        | Noticed a frost giant
  4474 | D        | Found the +6 Majin-Bo {vamp, Archmagi MP+6 Int+6}
  4474 | D        | Noticed a nagaraja
  4479 | D        | Killed a nagaraja
  4482 | D        | Killed a frost giant
  4482 | D        | Reached skill level 20 in Axes
  4483 | D        | Received a gift from Trog
  4906 | D        | Noticed a stone giant
  4906 | D        | Noticed a deep elf annihilator
  4907 | D        | Noticed a spriggan defender
  4913 | D        | Killed a spriggan defender
  4913 | D        | Received a gift from Trog
  4915 | D        | Killed a deep elf annihilator
  4921 | D        | Killed a stone giant
  5144 | D        | Noticed a fire dragon
  5144 | D        | Noticed a vault guard
  5144 | D        | Noticed a green death
  5144 | D        | Noticed a fire giant
  5146 | D        | Noticed Mara
  5146 | D        | Noticed an ice dragon
  5146 | D        | Noticed a frost giant
  5146 | D        | Noticed an ancient lich
  5146 | D        | Noticed an angel
  5148 | D        | Noticed a balrug
  5151 | D        | Noticed a great orb of eyes
  5151 | D        | Noticed Fang's illusion
  5153 | D        | Killed a vault guard
  5154 | D        | Noticed a stone giant
  5157 | D        | Killed a fire dragon
  5159 | D        | Killed a green death
  5159 | D        | Received a gift from Trog
  5160 | D        | Noticed a fire giant
  5161 | D        | Killed a fire giant
  5162 | D        | Mangled by Fang's illusion

Skill      XL: |  1  2  3  4  5  6  7  8  9 10 11 12 13 |
---------------+----------------------------------------+-----
Stealth        | 1 2 3 |  3.8
Fighting       | 5 6 7 8 10 11 12 13 14 16 17 19 | 19.8
Axes           | 4 5 6 7 9 10 12 13 16 17 19 20 | 20.8
Dodging        | 2 3 4 5 6 7 8 |  8.2
Armour         | 3 4 5 6 7 9 10 13 16 18 | 18.8

Action                   |  1- 3 |  4- 6 |  7- 9 | 10-12 | 13-15 || total
-------------------------+-------+-------+-------+-------+-------++-------
Melee: Hand axe          |    37 |    12 |    14 |       |       ||    63
       Battleaxe         |       |       |    48 |       |       ||    48
       Executioner's axe |       |       |     2 |    92 |       ||    94
       War axe           |       |       |       |   101 |    57 ||   158
Invok: Berserk           |     1 |       |     2 |     4 |     3 ||    10
       Brothers in Arms  |       |       |       |     6 |     2 ||     8
  Use: Potion            |       |       |       |     3 |     1 ||     4
 Stab: Sleeping          |     1 |       |       |       |       ||     1
  Eat: Chunk             |       |       |     2 |    12 |     4 ||    18
       Ration            |       |       |       |     1 |     1 ||     2
Armor: Animal skin       |    15 |       |       |       |       ||    15
       Plate armour      |       |     7 |    40 |   303 |    48 ||   398
Dodge: Dodged            |    29 |     2 |    26 |   227 |    29 ||   313
